 Dungeon Sprint DCSS version 0.31-a0-1074-g0b22e4e0f1 (webtiles) character file.

Game seed: 13362922675883686283

21 fozzywoppz the Sneak (level 2, -2/13 HPs)
             Began as a Spriggan Enchanter on Dec 1, 2023.
             Slain by a wolf (9 damage)
             ... in the Dungeon (Sprint III: "The Ten Rune Challenge").
             The game lasted 00:01:36 (109 turns).

fozzywoppz the Sneak (Spriggan Enchanter)            Turns: 109, Time: 00:01:36

Health: -2/13      AC:  2    Str:  4    XL:     2   Next: 65%
Magic:  0/7        EV: 18    Int: 16    God:
Gold:   0          SH:  0    Dex: 15    Spells: 6/8 levels left

rFire   . . .        a - +1 dagger
rCold   . . .        (no shield)
rNeg    . . .        b - +0 robe
rPois   .            (helmet restricted)
rElec   .            (no cloak)
rCorr   .            (gloves unavailable)
SInv    +            (boots unavailable)
Will    .....        (no amulet)
Stlth   +++          (no ring)
HPRegen 0.22/turn    (no ring)
MPRegen 0.10/turn

%: no teleportation
@: invisible, very quick
A: very small, no large weapons, unfitting armour, see invisible, speed 3
a: no special abilities


You were in the Dungeon.
You visited 1 branch

Inventory:

Hand Weapons
 a - a +1 dagger (weapon)
Armour
 b - a +0 robe (worn)
Scrolls
 i - a scroll of blinking
Potions
 c - a potion of invisibility
 d - a potion of curing
 f - a potion of haste
 g - 2 potions of magic
 h - a potion of berserk rage
 j - 2 potions of cancellation {unknown}


   Skills:
 + Level 2.7 Short Blades
 + Level 4.1 Dodging
 + Level 5.8 Stealth
 + Level 3.9 Spellcasting
 + Level 4.6 Hexes


You had 6 spell levels left.
You knew the following spells:

 Your Spells              Type           Power      Damage    Failure   Level
a - Ensorcelled Hibernat  Hex/Ice        20%        N/A       10%         2

Your spell library contained the following spells:

 Spells                   Type           Power      Damage    Failure   Level
 Confusing Touch          Hex            18%        N/A       8%          3
 Tukima's Dance           Hex            18%        N/A       8%          3
 Dazzling Flash           Conj/Hex       20%        N/A       21%         3


Dungeon Overview and Level Annotations

Branches:
Dungeon (1/1)

Altars:


Innate Abilities, Weirdness & Mutations

You are very small and have problems with some larger weapons.
You are too small for most types of armour.
You have supernaturally acute eyesight. (SInv)
You cover ground extremely quickly. (Speed+++)


Message History

Casting: Ensorcelled Hibernation (safe; 10% risk of failure)
Confirm with . or Enter, or press ? or * to list all spells.
Aiming: Ensorcelled Hibernation (safe; 10% risk of failure)
Press: ? - help, Shift-Dir - straight line, f/p - wolf
Aim: a wolf (chance to affect: 44%)
The wolf resists with some effort.
Casting: Ensorcelled Hibernation (safe; 10% risk of failure)
Confirm with . or Enter, or press ? or * to list all spells.
You don't have enough magic to cast this spell.
Unknown command.
You barely miss the wolf. The wolf misses you.
You hit the wolf.
The wolf is lightly wounded.
The wolf barely misses you. The wolf bites you.
The wolf attacks as it pursues you! The wolf completely misses you.
The wolf attacks as it pursues you! The wolf bites you!
Ouch! That really hurt!
* * * LOW HITPOINT WARNING * * *
There is an open door here.
Unknown command.
You feel much better. The wolf bites you. The wolf misses you.
The wolf attacks as it pursues you! The wolf closely misses you.
Casting: Ensorcelled Hibernation (safe; 10% risk of failure)
Confirm with . or Enter, or press ? or * to list all spells.
Aiming: Ensorcelled Hibernation (safe; 10% risk of failure)
Press: ? - help, Shift-Dir - straight line, f/p - wolf
Aim: a wolf (chance to affect: 44%)
The wolf resists with some effort.
The wolf completely misses you. The wolf closely misses you.
You hit the wolf but do no damage. The wolf misses you.
The wolf attacks as it pursues you! The wolf barely misses you.
You fade into invisibility!
The wolf bites you. The wolf barely misses you.
Unknown command.
The wolf closely misses you. The wolf closely misses you.
There is an open door here.
The wolf attacks as it pursues you! The wolf bites you!
Ouch! That really hurt!
You die...

▓..†..#....~♣♣♣♣..#
▓.....#...~~.♣.♣..#
▓....[#..~~~~..♣..+
▓####'#..~≈≈~~~...#
▓.....#.~~≈~~~....#
▓...†.#.~≈~~~.....#
▓.....#.~~~....†..#
▓'#####...........#
▓...h@............#
▓▓▓▓▓▓▓▓▓▓▓▓▓▓▓▓▓▓▓


You could see a wolf.

Vanquished Creatures
  A human (D)
  An endoplasm (D)
  3 rats (D)
5 creatures vanquished.

Notes
Turn   | Place    | Note
-------+----------+-------------------------------------------
     0 | D        | fozzywoppz the Spriggan Enchanter began the quest for the
                  | Orb.
     0 | D        | Reached XP level 1. HP: 9/9 MP: 5/5
    54 | D        | Reached skill level 5 in Stealth
    54 | D        | Reached XP level 2. HP: 13/13 MP: 5/7
    57 | D        | Learned a level 2 spell: Ensorcelled Hibernation
   109 | D        | Slain by a wolf

Illustrated notes

Levels and vault maps discovered:
D:        dungeon_sprint_mu [sprint_mu_entry_forest, sprint_mu_temple_rooms,
          sprint_mu_d1_spiders, sprint_mu_d2_genie, sprint_mu_d3_branching,
          sprint_mu_orc_legion, sprint_mu_elf_gauntlet, sprint_mu_hive_nellie,
          sprint_mu_lair_fedhas, sprint_mu_vaults_butterflies,
          sprint_mu_slime_circle, sprint_mu_swamp_cave, sprint_mu_snake_twists,
          sprint_mu_blade_basic, sprint_mu_crypt_lich, sprint_mu_tomb_spiral,
          sprint_mu_vestibule_basic, sprint_mu_gehenna_hellfire,
          sprint_mu_dis_giant, sprint_mu_tartarus_statrot,
          sprint_mu_cocytus_islands, sprint_mu_zot1]

Skill      XL: |  1 |
---------------+----+-----
Dodging        | 4 |  4.1
Spellcasting   | 3 |  3.9
Hexes          | 4 |  4.6
Short Blades   | 2 |  2.7
Stealth        | 5 |  5.8

Action                     || total
---------------------------++-------
  Melee: Dagger            ||    27
         Punch             ||     2
   Cast: Ensorcelled Hiber ||     4
    Use: Potion            ||     2
   Stab: Sleeping          ||     2
 Armour: Robe              ||     7
  Dodge: Dodged            ||    30

Table legend: (Time is in decaauts)
 A = Elapsed time spent in this place.
 B = Non-inter-level travel time spent in this place.
 C = Inter-level travel time spent in this place.
 D = Time resting spent in this place.
 E = Time spent auto-exploring this place.
 F = Levels seen in this place.
 G = Mean time per level.
                   A        B        C        D        E       F      G
               +--------+--------+--------+--------+--------+-----+--------+
         Total |     83 |     83 |      0 |     11 |      0 |   1 |   83.0 |
       Dungeon |     83 |     83 |      0 |     11 |      0 |   1 |   83.0 |
               +--------+--------+--------+--------+--------+-----+--------+

Top non-repeatable levels by time:
       D: 83 daAuts
